3R
SHADY SIDE ZOOMIES @ BALLARD BEAVERS
08/12/2041
 
TOP OF THE 1ST
Shady Side Zoomies batting - Pitching for Ballard Beavers : RHP Javier Martínez
Pitching: RHP Javier Martínez
Batting: LHB Steef Janse 0-0: Called Strike
0-1: Ball
1-1: Reached on error, E5 (Groundball, 5S, EV 43.8 MPH)
Batting: SHB Kazuyuki Yagi 0-0: Ball
1-0: Foul Ball, location: 2F
1-1: Called Strike
1-2: Strikes out swinging
Batting: RHB Rubén Camacho 0-0: Ball
1-0: SINGLE (Line Drive, 89M, EV 86.9 MPH)
Steef Janse to third
Batting: RHB Dave Hall 0-0: Called Strike
0-1: Called Strike
0-2: Fly out, F7 (Flyball, 78S, EV 78.1 MPH)
Batting: LHB Jeremy Payne 0-0: Called Strike
0-1: Fly out, F8 (Flyball, 8RS, EV 95.0 MPH)
Top of the 1st over - 0 runs, 1 hit, 1 error, 2 left on base; Shady Side 0 - Ballard 0
BOTTOM OF THE 1ST
Ballard Beavers batting - Pitching for Shady Side Zoomies : RHP In-chor Im
Pitching: RHP In-chor Im
Batting: RHB Eli Johnson 0-0: Ball
1-0: Called Strike
1-1: Ball
2-1: Ball
3-1: Foul Ball, location: 2F
3-2: SINGLE (Line Drive, 34D, EV 107.5 MPH)
Batting: LHB Desi Liñares 0-0: Ball
1-0: Ball
2-0: Called Strike
2-1: Ball
3-1: Base on Balls
Eli Johnson to second
Batting: RHB Sergio Estrada 0-0: Ball
1-0: Fly out, F8 (Flyball, 8LM, EV 91.2 MPH)
Batting: RHB Suk-jin Yi 0-0: Foul Ball, location: 2F
0-1: Ball
1-1: Foul Ball, location: 2F
1-2: Ball
2-2: Ball
3-2: Strikes out looking
Desi Liñares is caught stealing 2nd base 2-4
Eli Johnson steals 3rd base
Batter strikes out.
Bottom of the 1st over - 0 runs, 1 hit, 0 errors, 1 left on base; Shady Side 0 - Ballard 0
TOP OF THE 2ND
Shady Side Zoomies batting - Pitching for Ballard Beavers : RHP Javier Martínez
Batting: RHB Jack Mayes 0-0: Ball
1-0: Ball
2-0: Ball
3-0: Called Strike
3-1: SINGLE (Groundball, 56D, EV 110.0 MPH)
Batting: RHB Mike Sackett 0-0: Ball
1-0: Ball
2-0: Foul Ball, location: 2F
2-1: Foul Ball, location: 2F
2-2: Ball
3-2: Reached on error, E1 (Groundball, P, EV 66.9 MPH)
Jack Mayes to second
Batting: RHB António Ruíz 0-0: Called Strike
0-1: Ball
1-1: SINGLE (Groundball, 6, EV 84.4 MPH) (infield hit)
Jack Mayes to third
Mike Sackett to second
Batting: RHB Jackson Duffy 0-0: Foul Ball, location: 2F
0-1: Ball
1-1: Grounds into double play, 5-4-3 (Groundball, 56, EV 86.2 MPH)
Jack Mayes scores
Mike Sackett to third
Batting: LHB Steef Janse 0-0: Ball
1-0: Foul Ball, location: 2F
1-1: Ball
2-1: SINGLE (Line Drive, 89S, EV 91.2 MPH)
Mike Sackett scores
Batting: SHB Kazuyuki Yagi 0-0: Ball
1-0: Ball
2-0: Foul Ball, location: 2F
2-1: Called Strike
Steef Janse is caught stealing 2nd base 2-6
Top of the 2nd over - 2 runs, 3 hits, 1 error, 0 left on base; Shady Side 2 - Ballard 0
BOTTOM OF THE 2ND
Ballard Beavers batting - Pitching for Shady Side Zoomies : RHP In-chor Im
Batting: RHB Kevin Neal 0-0: Foul Ball, location: 2F
0-1: Ball
1-1: Ball
2-1: Called Strike
2-2: Ball
3-2: Reached on error, E1 (Groundball, 25, EV 85.6 MPH)
Batting: RHB John Reed 0-0: Ball
1-0: Called Strike
1-1: Called Strike
1-2: Strikes out swinging
Batting: LHB Hans Filemonsen 0-0: Called Strike
0-1: Called Strike
0-2: Ball
1-2: Strikes out looking
Batting: RHB Rich Joyner 0-0: Swinging Strike
0-1: Called Strike
0-2: Ball
1-2: Strikes out swinging
Bottom of the 2nd over - 0 runs, 0 hits, 1 error, 1 left on base; Shady Side 2 - Ballard 0
TOP OF THE 3RD
Shady Side Zoomies batting - Pitching for Ballard Beavers : RHP Javier Martínez
Batting: SHB Kazuyuki Yagi 0-0: Ball
1-0: Called Strike
1-1: Called Strike
1-2: Strikes out swinging
Batting: RHB Rubén Camacho 0-0: Foul Ball, location: 2F
0-1: Swinging Strike
0-2: Strikes out swinging
Batting: RHB Dave Hall 0-0: Ground out 6-3 (Groundball, 6, EV 84.4 MPH)
Top of the 3rd over - 0 runs, 0 hits, 0 errors, 0 left on base; Shady Side 2 - Ballard 0
BOTTOM OF THE 3RD
Ballard Beavers batting - Pitching for Shady Side Zoomies : RHP In-chor Im
Batting: RHB Jim McDermott 0-0: Bunted foul
0-1: Foul Ball, location: 2F
0-2: Foul Ball, location: 2F
0-2: Strikes out swinging
Batting: RHB Eli Johnson 0-0: Ball
1-0: Ball
2-0: Foul Ball, location: 2F
2-1: DOUBLE (Flyball, 89D, EV 92.5 MPH)
Batting: LHB Desi Liñares 0-0: Ball
1-0: Called Strike
1-1: Ball
2-1: Ball
3-1: Called Strike
3-2: Base on Balls
Batting: RHB Sergio Estrada 0-0: Called Strike
0-1: Foul Ball, location: 2F
0-2: Ball
1-2: Reached on error, E6 (Groundball, 6, EV 90.6 MPH)
Eli Johnson to third
Desi Liñares to second
Batting: RHB Suk-jin Yi 0-0: Ball
1-0: Ball
2-0: Foul Ball, location: 2F
2-1: Ball
3-1: Base on Balls
Eli Johnson scores
Desi Liñares to third
Sergio Estrada to second
Batting: RHB Kevin Neal 0-0: Foul Ball, location: 2F
0-1: Ball
1-1: Called Strike
1-2: Ball
2-2: Strikes out looking
Batting: RHB John Reed 0-0: Foul Ball, location: 2F
0-1: Foul Ball, location: 2F
0-2: Foul Ball, location: 2F
0-2: Ball
1-2: Ball
2-2: Fielders Choice at 2nd, 6-4 (Groundball, 6, EV 85.0 MPH)
Bottom of the 3rd over - 1 run, 1 hit, 1 error, 3 left on base; Shady Side 2 - Ballard 1
TOP OF THE 4TH
Shady Side Zoomies batting - Pitching for Ballard Beavers : RHP Javier Martínez
Batting: LHB Jeremy Payne 0-0: Ball
1-0: Foul Ball, location: 2F
1-1: Swinging Strike
1-2: Ball
2-2: Strikes out looking
Batting: RHB Jack Mayes 0-0: Foul Ball, location: 2F
0-1: Ball
1-1: Foul Ball, location: 2F
1-2: Foul Ball, location: 2F
1-2: Ground out 4-3 (Groundball, 34, EV 89.4 MPH)
Batting: RHB Mike Sackett 0-0: Ball
1-0: Fly out, F7 (Flyball, 7, EV 91.9 MPH)
Top of the 4th over - 0 runs, 0 hits, 0 errors, 0 left on base; Shady Side 2 - Ballard 1
BOTTOM OF THE 4TH
Ballard Beavers batting - Pitching for Shady Side Zoomies : RHP In-chor Im
Batting: LHB Hans Filemonsen 0-0: Ball
1-0: Ball
2-0: Foul Ball, location: 2F
2-1: Ball
3-1: Called Strike
3-2: SINGLE (Groundball, 56D, EV 105.6 MPH)
Batting: RHB Rich Joyner 0-0: Fielders Choice at 2nd, 1-6 (Groundball, 34S, EV 93.8 MPH)
Now at SS: Stan James
Batting: RHB Jim McDermott 0-0: Called Strike
0-1: Ball
1-1: Fly out, F8 (Flyball, 8RM, EV 85.0 MPH)
Batting: RHB Eli Johnson 0-0: SINGLE (Line Drive, 7S, EV 92.5 MPH)
Rich Joyner to second
Batting: LHB Desi Liñares 0-0: Called Strike
0-1: Ball
1-1: Ball
2-1: Swinging Strike
2-2: Ball
3-2: Foul Ball, location: 2F
3-2: Foul Ball, location: 2F
3-2: Strikes out swinging
Bottom of the 4th over - 0 runs, 2 hits, 0 errors, 2 left on base; Shady Side 2 - Ballard 1
TOP OF THE 5TH
Shady Side Zoomies batting - Pitching for Ballard Beavers : RHP Javier Martínez
Batting: RHB António Ruíz 0-0: Called Strike
0-1: Ball
1-1: Foul Ball, location: 2F
1-2: Strikes out swinging
Batting: LHB Stan James 0-0: Ball
1-0: Swinging Strike
1-1: Foul Ball, location: 2F
1-2: Ball
2-2: Strikes out swinging
Batting: LHB Steef Janse 0-0: Called Strike
0-1: Ball
1-1: Reached on error, E8 (Line Drive, 8RD, EV 86.9 MPH)
Batting: SHB Kazuyuki Yagi 0-0: Fly out, F8 (Flyball, 8LM, EV 95.6 MPH)
Top of the 5th over - 0 runs, 0 hits, 1 error, 1 left on base; Shady Side 2 - Ballard 1
BOTTOM OF THE 5TH
Ballard Beavers batting - Pitching for Shady Side Zoomies : RHP In-chor Im
Pitching: RHP Joonas Noronen
Batting: RHB Sergio Estrada 0-0: Ball
1-0: Called Strike
1-1: Foul Ball, location: 2F
1-2: Foul Ball, location: 2F
1-2: Ball
2-2: Ground out 6-3 (Groundball, 6, EV 95.6 MPH)
Batting: RHB Suk-jin Yi 0-0: Ball
1-0: Foul Ball, location: 2F
1-1: Swinging Strike
1-2: Ball
2-2: DOUBLE (Line Drive, 78M, EV 101.2 MPH)
Batting: RHB Kevin Neal 0-0: Foul Ball, location: 2F
0-1: Ground out 5-3 (Groundball, 56S, EV 66.2 MPH)
Suk-jin Yi to third
Batting: RHB John Reed 0-0: Called Strike
0-1: Foul Ball, location: 2F
0-2: Fly out, F4 (Popup, 34S, EV 83.1 MPH)
Bottom of the 5th over - 0 runs, 1 hit, 0 errors, 1 left on base; Shady Side 2 - Ballard 1
TOP OF THE 6TH
Shady Side Zoomies batting - Pitching for Ballard Beavers : RHP Javier Martínez
Batting: RHB Rubén Camacho 0-0: Foul Ball, location: 2F
0-1: SINGLE (Groundball, 56D, EV 94.4 MPH)
Batting: RHB Dave Hall 0-0: Ball
1-0: Called Strike
1-1: Swinging Strike
1-2: Foul Ball, location: 2F
1-2: Ball
2-2: Strikes out swinging
Batting: LHB Jeremy Payne 0-0: Swinging Strike
0-1: Foul Ball, location: 2F
0-2: Foul Ball, location: 2F
0-2: Ball
1-2: Foul Ball, location: 2F
1-2: Strikes out swinging
Batting: RHB Jack Mayes 0-0: Called Strike
0-1: Ball
1-1: Ball
2-1: Called Strike
2-2: Ball
3-2: Fly out, F9 (Flyball, 89S, EV 75.6 MPH)
Top of the 6th over - 0 runs, 1 hit, 0 errors, 1 left on base; Shady Side 2 - Ballard 1
BOTTOM OF THE 6TH
Ballard Beavers batting - Pitching for Shady Side Zoomies : RHP Joonas Noronen
Batting: LHB Hans Filemonsen 0-0: Ball
1-0: DOUBLE (Flyball, 8RXD, EV 101.9 MPH)
Batting: RHB Rich Joyner 0-0: Called Strike
0-1: Called Strike
0-2: Ball
1-2: Strikes out swinging
Batting: RHB Jim McDermott 0-0: Ball
1-0: Ball
2-0: Ball
3-0: Called Strike
3-1: Base on Balls
Batting: RHB Eli Johnson 0-0: Ball
1-0: Ball
2-0: Ball
3-0: Called Strike
3-1: Base on Balls
Hans Filemonsen to third
Jim McDermott to second
Batting: LHB Desi Liñares 0-0: Foul Ball, location: 2F
0-1: Ball
1-1: Called Strike
1-2: GRAND SLAM HOME RUN (Flyball, 9LD, EV 101.9 MPH), Distance : 351 ft
Pitching: LHP Chris McGee
Batting: RHB Sergio Estrada 0-0: Ball
1-0: Ball
2-0: Foul Ball, location: 2F
2-1: Swinging Strike
2-2: SINGLE (Line Drive, 89S, EV 88.8 MPH)
Batting: RHB Suk-jin Yi Pickoff Throw to First - Error! E1
Sergio Estrada to second
0-0: Called Strike
0-1: Ball
1-1: Ball
2-1: SINGLE (Line Drive, 6M, EV 106.2 MPH)
Sergio Estrada to third
Batting: RHB Kevin Neal 0-0: Ball
1-0: Foul Ball, location: 2F
1-1: Called Strike
1-2: Ball
2-2: Strikes out swinging
Batting: RHB John Reed 0-0: Foul Ball, location: 2F
0-1: Fly out, F7 (Flyball, 7LD, EV 106.2 MPH)
Bottom of the 6th over - 4 runs, 4 hits, 1 error, 2 left on base; Shady Side 2 - Ballard 5
TOP OF THE 7TH
Shady Side Zoomies batting - Pitching for Ballard Beavers : RHP Javier Martínez
Pitching: RHP Rafael Ramos
Now at SS: Quentin Meadmore
Batting: RHB Mike Sackett 0-0: Ball
1-0: Bunt missed!
1-1: Called Strike
1-2: Foul Ball, location: 2F
1-2: Strikes out swinging
Batting: RHB António Ruíz 0-0: Ball
1-0: Called Strike
1-1: Swinging Strike
1-2: Ball
2-2: Strikes out swinging
Batting: LHB Stan James 0-0: Swinging Strike
0-1: Foul Ball, location: 2F
0-2: Ball
1-2: Strikes out swinging
Top of the 7th over - 0 runs, 0 hits, 0 errors, 0 left on base; Shady Side 2 - Ballard 5
BOTTOM OF THE 7TH
Ballard Beavers batting - Pitching for Shady Side Zoomies : LHP Chris McGee
Batting: LHB Hans Filemonsen 0-0: Ball
1-0: Ball
2-0: Foul Ball, location: 2F
2-1: Swinging Strike
2-2: Fly out, F8 (Line Drive, 8RM, EV 95.0 MPH)
Batting: RHB Rich Joyner 0-0: Foul Ball, location: 2F
0-1: DOUBLE (Line Drive, 78D, EV 113.1 MPH)
Batting: RHB Jim McDermott 0-0: Ball
1-0: Called Strike
1-1: Called Strike
1-2: Ball
2-2: Foul Ball, location: 2F
2-2: Strikes out swinging
Batting: RHB Eli Johnson 0-0: Called Strike
0-1: Ball
1-1: Foul Ball, location: 2F
1-2: Strikes out looking
Bottom of the 7th over - 0 runs, 1 hit, 0 errors, 1 left on base; Shady Side 2 - Ballard 5
TOP OF THE 8TH
Shady Side Zoomies batting - Pitching for Ballard Beavers : RHP Rafael Ramos
Batting: LHB Steef Janse 0-0: Ball
1-0: Called Strike
1-1: Ball
2-1: Foul Ball, location: 2F
2-2: Ball
3-2: Foul Ball, location: 2F
3-2: Base on Balls
Batting: SHB Kazuyuki Yagi 0-0: Ball
1-0: Ball
2-0: Ball
3-0: Base on Balls
Steef Janse to second
Batting: RHB Rubén Camacho 0-0: Foul Ball, location: 2F
0-1: Foul Ball, location: 2F
0-2: Ball
1-2: Foul Ball, location: 2F
1-2: Ball
2-2: Strikes out swinging
Batting: RHB Dave Hall 0-0: Swinging Strike
0-1: Foul Ball, location: 2F
0-2: Strikes out swinging
Batting: LHB Jeremy Payne 0-0: Ground out 4-3 (Groundball, 34D, EV 83.8 MPH)
Top of the 8th over - 0 runs, 0 hits, 0 errors, 2 left on base; Shady Side 2 - Ballard 5
BOTTOM OF THE 8TH
Ballard Beavers batting - Pitching for Shady Side Zoomies : LHP Chris McGee
Batting: RHB Quentin Meadmore 0-0: Ground out 6-3 (Groundball, 6, EV 94.4 MPH)
Batting: RHB Sergio Estrada 0-0: Ball
1-0: Foul Ball, location: 2F
1-1: Foul Ball, location: 2F
1-2: Foul Ball, location: 2F
1-2: Ball
2-2: Fly out, F3 (Popup, 3L, EV 75.0 MPH)
Batting: RHB Suk-jin Yi 0-0: Ball
1-0: Called Strike
1-1: Foul Ball, location: 2F
1-2: Ball
2-2: DOUBLE (Groundball, 5L, EV 110.0 MPH)
Batting: RHB Kevin Neal 0-0: Ball
1-0: Foul Ball, location: 2F
1-1: Ball
2-1: Fly out, F5 (Popup, 25, EV 81.9 MPH)
Bottom of the 8th over - 0 runs, 1 hit, 0 errors, 1 left on base; Shady Side 2 - Ballard 5
TOP OF THE 9TH
Shady Side Zoomies batting - Pitching for Ballard Beavers : RHP Rafael Ramos
Pitching: RHP Kjeld Burger
Batting: RHB Jack Mayes 0-0: Ball
1-0: Fly out, F3 (Line Drive, 3, EV 68.1 MPH)
Batting: RHB Mike Sackett 0-0: Called Strike
0-1: Foul Ball, location: 2F
0-2: Ball
1-2: Foul Ball, location: 2F
1-2: Ball
2-2: Strikes out looking
Batting: RHB António Ruíz 0-0: Called Strike
0-1: SINGLE (Line Drive, 7S, EV 95.0 MPH)
Batting: LHB Stan James 0-0: Ball
1-0: Ball
2-0: Ball
3-0: Called Strike
3-1: Foul Ball, location: 2F
3-2: Foul Ball, location: 2F
3-2: Foul Ball, location: 2F
3-2: Base on Balls
António Ruíz to second
Batting: LHB Steef Janse 0-0: Called Strike
0-1: Ball
1-1: Ball
2-1: Swinging Strike
2-2: Ball
3-2: Foul Ball, location: 2F
3-2: Fly out, F9 (Flyball, 9LS, EV 89.4 MPH)
Top of the 9th over - 0 runs, 1 hit, 0 errors, 2 left on base; Shady Side 2 - Ballard 5
Tuesday, January 5th, 2021 - OOTP Baseball 20.8 Build 74